 Dungeon Crawl Stone Soup version 0.27-a0-396-g03f4e8edb7 (webtiles) character file.

Game seed: 10321754079981391598

32379 Morbidden the Blocker (level 13, -26/99 HPs)
             Began as a Demonspawn Warper on Feb 21, 2021.
             Was an Elder of Cheibriados.
             Killed from afar by an ice dragon (37 damage)
             ... with a blast of cold
             ... on level 15 of the Dungeon.
             The game lasted 00:35:14 (21157 turns).

Morbidden the Blocker (Demonspawn Warper)          Turns: 21157, Time: 00:35:15

Health: -26/99     AC: 12    Str: 19    XL:     13   Next: 31%
Magic:  6/25       EV: 22    Int: 27    God:    Cheibriados [****..]
Gold:   853        SH:  9    Dex: 30    Spells: 20/29 levels left

rFire    + . .     SeeInvis .   a - +2 scimitar (flame)
rCold    . . .     Faith    .   l - +1 buckler
rNeg     + . .     Spirit   .   k - +0 troll leather armour
rPois    +         Reflect  .   (no helmet)
rElec    .         Harm     .   z - +2 ratskin cloak {*Rats rPois rN+ Str-1 Int-1 Dex+1}
rCorr    .         Rampage  .   (no gloves)
Will     .....                  (boots unavailable)
Stlth    ++........             N - amulet of regeneration
HPRegen  2.26/turn              y - ring of protection from fire
MPRegen  0.19/turn              P - +6 ring of dexterity

@: studying 2 skills, very slow
A: hooves 3, iridescent scales 2, spiny 2, demonic magic 2
a: Renounce Religion, Bend Time, Temporal Distortion, Slouch


You were on level 15 of the Dungeon.
You worshipped Cheibriados.
Cheibriados was greatly pleased with you.
You visited 2 branches of the dungeon, and saw 15 of its levels.
You also visited: Sewer and Bailey.

You collected 898 gold pieces.
You spent 45 gold pieces at shops.

Inventory:

Hand Weapons
 a - a +2 scimitar of flaming (weapon)
 b - a +0 arbalest
 X - the +5 rapier of Greed {vorpal, rC+++}
   (You took it off a centaur on level 14 of the Dungeon)

   It inflicts extra damage upon your enemies.
   It renders you almost immune to cold.
Missiles
 e - 4 boomerangs of dispersal
 g - 2 throwing nets
 q - 24 poisoned darts (quivered)
 C - 347 bolts
 D - 7 javelins
 G - 12 boomerangs
 R - 2 curare-tipped darts
Armour
 k - a +0 troll leather armour (worn)
 l - a +1 buckler (worn)
 z - the +2 ratskin cloak (worn) {*Rats rPois rN+ Str-1 Int-1 Dex+1}
   (You found it on level 6 of the Dungeon)

   It affects your strength (-1).
   It affects your intelligence (-1).
   It affects your dexterity (+1).
   It protects you from poison.
   It protects you from negative energy.
 A - a scarf of resistance
 F - a +2 scale mail of cold resistance
 U - a +1 plate armour of positive energy
Jewellery
 y - a ring of protection from fire (left hand)
 I - a ring of flight {unknown}
 N - an amulet of regeneration (around neck)
 P - a +6 ring of dexterity (right hand)
 W - a ring of protection from cold
 Y - an amulet of faith
 Z - a +6 ring of strength {unknown}
Wands
 f - a wand of polymorph (4)
 v - a wand of acid (2)
 x - a wand of paralysis (5)
 L - a wand of flame (10)
 Q - a wand of iceblast (14)
 T - a wand of charming (5)
Scrolls
 c - 4 scrolls of enchant weapon
 h - 5 scrolls of fog
 o - 9 scrolls of teleportation
 E - 2 scrolls of magic mapping
 J - 9 scrolls of identify
 M - a scroll of amnesia
Potions
 i - a potion of degeneration {unknown}
 j - 5 potions of haste
 m - 2 potions of attraction
 n - a potion of berserk rage {unknown}
 p - a potion of heal wounds
 r - 4 potions of curing
 s - 3 potions of flight
 t - 4 potions of might
 u - a potion of invisibility
 w - a potion of cancellation
 B - 2 potions of mutation
 K - a potion of brilliance
 O - 2 potions of lignification


   Skills:
 * Level 8.7 Fighting
 + Level 7.9 Long Blades
 + Level 2.3 Throwing
 + Level 7.9 Armour
 * Level 7.7 Dodging
 + Level 2.5 Stealth
 * Level 9.2 Shields
 * Level 8.6 Spellcasting
 * Level 9.0 Translocations
 * Level 8.0 Invocations
 + Level 0.3 Evocations


You had 20 spell levels left.
You knew the following spells:

 Your Spells              Type           Power        Failure   Level
a - Manifold Assault      Tloc           57%          1%          4
b - Gell's Gravitas       Tloc           28%          1%          3
c - Blink                 Tloc           N/A          1%          2

Your spell library contained the following spells:

 Spells                   Type           Power        Failure   Level
 Lesser Beckoning         Tloc           28%          1%          3
 Teleport Other           Tloc           57%          1%          3
 Animate Skeleton         Necr           22%          6%          1
 Magic Dart               Conj           44%          6%          1
 Pain                     Necr           44%          6%          1
 Call Imp                 Summ           11%          9%          2
 Slow                     Hex            11%          9%          2
 Confusing Touch          Hex            11%          17%         3
 Conjure Flame            Conj/Fire      11%          17%         3
 Mephitic Cloud           Conj/Pois/Air  11%          17%         3
 Vampiric Draining        Necr           5%           17%         3
 Animate Dead             Necr           5%           50%         4
 Cause Fear               Hex            5%           50%         4
 Petrify                  Tmut/Erth      11%          50%         4
 Agony                    Necr           11%          85%         5
 Metabolic Englaciation   Hex/Ice        5%           85%         5
 Silence                  Hex/Air        5%           85%         5
 Yara's Violent Unravell  Hex/Tmut       5%           85%         5
 Discord                  Hex            5%           100%        8


Dungeon Overview and Level Annotations

Branches:
Dungeon (15/15)            Temple (1/1) D:7            Lair (0/6) D:10
    Orc (0/2) D:11         Vaults (0/5) D:14          Sewer (visited)
 Bailey (visited)
 Depths: D:15

Altars:
Ashenzari
Cheibriados
Dithmenos
Elyvilon
Fedhas
Kikubaaqudgha
Makhleb
Nemelex Xobeh
Okawaru
Qazlal
Ru
Sif Muna
Trog
Vehumet
Wu Jian
Yredelemnul
Zin
The Shining One

Shops:
D:8 [   D:10 *   D:14 ?

Annotations:
D:8 2 transporters, highc0's ghost, novice DEEn


Innate Abilities, Weirdness & Mutations

You have hooves in place of feet.
You are mostly covered in iridescent scales. (AC +4)
You are mostly covered in sharp spines.
Spells you cast may paralyse nearby enemies.


Message History

Space momentarily warps into an impossible shape!
You hit the ice dragon. You burn the ice dragon. You hit the ice dragon.
You burn the ice dragon. Malevolent energies surge around you.
The ice dragon bites you!
* * * LOW HITPOINT WARNING * * *
A hell rat scurries out from under your cloak.
The ice dragon closely misses you.
The ice dragon tramples you but does no damage.
You block the ice dragon's attack. The ice dragon completely misses you.
The ice dragon misses you.
Your river rat bites the ice dragon.
The ice dragon breathes frost at you. The blast of cold misses you.
You block the ice dragon's attack. The ice dragon completely misses you.
The ice dragon barely misses you.
Your hell rat bites the ice dragon!
Your river rat closely misses the ice dragon.
Unknown command.
Casting: Manifold Assault (mildly dangerous; 1% risk of failure)
Confirm with . or Enter, or press ? or * to list all spells.
Space momentarily warps into an impossible shape!
You closely miss the ice dragon.
You hit the ice dragon but do no damage.
Malevolent energies surge around you. The ice dragon bites you.
* * * LOW HITPOINT WARNING * * *
You block the ice dragon's attack. The ice dragon barely misses you.
The ice dragon breathes frost at you. The blast of cold misses you.
Your hell rat bites the ice dragon but does no damage.
Your river rat bites the ice dragon but does no damage.
The ice dragon is struck by your spines.
The ice dragon closely misses you.
You riposte.
You hit the ice dragon but do no damage.
Your kick misses the ice dragon.
The ice dragon is moderately wounded.
The ice dragon misses you. The ice dragon tramples you!
* * * LOW HITPOINT WARNING * * *
You hold your ground!
Your hell rat bites the ice dragon but does no damage.
The ice dragon breathes frost at you. The blast of cold hits you!!!
You die...

...........# #....# ...........#
...........###### ..#####+####
####...#......... ..##
###.#...[..... ...# ............
...# ##. ########........
#..#.... ##.$$$$###......).
#).#.##. #####.Dr....##.....W..
#....##.# ##....@# #........
........###...##.Dr....##........
..#.###.##..8.###.$$$$###........
..#.....#......# ###### #........
.###..#..#....## #########
.#)...##.#.#### ...).......######
...##..#........#
#.....).........#


You could see 2 ice dragons, a friendly hell rat and a friendly river rat.

Vanquished Creatures
  Agnes (D:15)
  A fire dragon (D:14)
  3 hydras
  Erica (D:8)
  2 two-headed ogres (D:9)
  2 centaur warriors
  3 tengu warriors (D:14)
  4 skeletal warriors (D:14)
  2 unseen horrors
  A deep troll (D:14)
  3 deep elf pyromancers
  A wolf spider zombie (D:11)
  Pikel (D:9)
  A phantasmal warrior (D:14)
  4 ugly things (D:15)
  A cyclops (D:12)
  A centaur zombie (D:14)
  Maurice (D:10)
  Joseph (D:7)
  A komodo dragon (D:10)
  A freezing wraith (D:15)
  Psyche (D:8)
  A tengu conjurer (D:14)
  A troll (D:15)
  3 hornets
  A polar bear (shapeshifter) (D:14)
  3 meliai (D:15)
  A vampire (D:15)
  4 yaks (D:10)
  A wraith (D:14)
  2 basilisks
  A soldier ant (D:11)
  3 acid dragons
  A water moccasin (shapeshifter) (D:14)
  15 orc warriors
  A hornet zombie (D:14)
  2 eyes of draining
  5 ice beasts
  3 black bears
  7 sky beasts
  2 necrophages
  6 ogres
  4 boggarts (D:15)
  11 centaurs
  A phantom (D:6)
  2 kobold brigands
  7 bullfrogs
  2 wyvern zombies
  A wyvern skeleton (D:11)
  4 scorpions
  9 killer bees
  9 wights
  4 howler monkeys
  A crimson imp (D:8)
  A bullfrog zombie (D:11)
  6 hounds
  A quasit (D:5)
  3 centaur skeletons
  A gnoll shaman (D:7)
  An orc priest (D:14)
  5 iguanas
  3 orc wizards
  3 hell rats (D:6)
  8 worker ants
  15 gnolls
  17 adders
  10 river rats
  3 shadow imps
  3 white imps
  An ooze (D:2)
  4 worms
  6 dart slugs
  12 leopard geckos
  38 orcs
  7 ball pythons
  3 giant cockroaches
  11 goblins
  8 hobgoblins
  13 jackals
  11 quokkas
  9 bats
  10 frilled lizards
  15 kobolds
  A quokka skeleton (D:4)
  30 rats
  A spectral orc (D:7)
415 creatures vanquished.

Vanquished Creatures (collateral kills)
  A centaur warrior (D:15)
  An orc knight (Bailey)
  A gargoyle (D:10)
  2 orc warriors (Bailey)
  A centaur (D:15)
  An orc priest (D:10)
  An orc (D:7)
8 creatures vanquished.

Vanquished Creatures (others)
  A kobold (D:9)
  A quokka (D:6)
  5 fungi (D:10)
  6 plants (D:10)
13 creatures vanquished.

Grand Total: 436 creatures vanquished

Notes
Turn   | Place    | Note
-------+----------+-------------------------------------------
     0 | D:1      | Morbidden the Demonspawn Warper began the quest for the
                  | Orb.
     0 | D:1      | Reached XP level 1. HP: 16/16 MP: 3/3
   765 | D:1      | Reached skill level 1 in Throwing
   765 | D:1      | Gained mutation: You are partially covered in sharp spines.
                  | [demonic ancestry]
   765 | D:1      | Reached XP level 2. HP: 22/22 MP: 5/5
   824 | D:1      | Reached skill level 1 in Armour
  1309 | D:1      | Gained mutation: You are partially covered in iridescent
                  | scales. (AC +2) [demonic ancestry]
  1309 | D:1      | Reached XP level 3. HP: 25/27 MP: 6/6
  2033 | D:2      | Gained mutation: You have large cloven feet. [demonic
                  | ancestry]
  2033 | D:2      | Reached XP level 4. HP: 33/34 MP: 7/7
  2042 | D:2      | Found a bloodstained altar of Trog.
  2333 | D:2      | Learned a level 2 spell: Blink
  2599 | D:2      | Reached XP level 5. HP: 39/39 MP: 8/8
  3012 | D:3      | Found an ornate altar of the Wu Jian Council.
  4728 | D:4      | Found a blossoming altar of Fedhas.
  4855 | D:4      | Found a stormy altar of Qazlal.
  4889 | D:4      | Reached XP level 6. HP: 40/46 MP: 9/9
  4957 | D:4      | Learned a level 3 spell: Gell's Gravitas
  5420 | D:4      | Found a shimmering blue altar of Sif Muna.
  5488 | D:5      | Entered Level 5 of the Dungeon
  5620 | D:5      | Found a broken altar of Ashenzari.
  5623 | D:5      | Noticed a sky beast
  5634 | D:5      | Killed a sky beast
  5661 | D:5      | Found a sacrificial altar of Ru.
  5698 | D:5      | Reached skill level 1 in Shields
  5698 | D:5      | Gained mutation: You are mostly covered in iridescent
                  | scales. (AC +4) [demonic ancestry]
  5698 | D:5      | Reached XP level 7. HP: 31/52 MP: 11/11
  5892 | D:5      | Found a glowing drain.
  5901 | Sewer    | Entered a sewer
  6910 | D:5      | Gained mutation: You are mostly covered in sharp spines.
                  | [demonic ancestry]
  6910 | D:5      | Reached XP level 8. HP: 45/60 MP: 13/13
  8117 | D:6      | Found the +2 ratskin cloak {*Rats rPois rN+ Str-1 Int-1
                  | Dex+1}
  8473 | D:6      | Found a sparkling altar of Nemelex Xobeh.
  8475 | D:6      | Found a glowing silver altar of Zin.
  8803 | D:7      | Gained mutation: You have hoof-like feet. [demonic
                  | ancestry]
  8803 | D:7      | Reached XP level 9. HP: 34/66 MP: 14/14
  8855 | D:7      | Found a flagged portal.
  8862 | Bailey   | Entered a bailey
  9365 | Bailey   | Reached skill level 5 in Long Blades
 10739 | Bailey   | Reached skill level 5 in Translocations
 11586 | Bailey   | Reached skill level 5 in Fighting
 11818 | Bailey   | Noticed an orc knight
 11877 | Bailey   | Killed an orc knight
 11878 | Bailey   | Reached skill level 1 in Stealth
 11886 | Bailey   | Reached skill level 5 in Dodging
 12297 | Bailey   | Reached skill level 5 in Armour
 12620 | D:7      | Noticed Joseph
 12632 | D:7      | Killed Joseph
 12989 | D:7      | Found a staircase to the Ecumenical Temple.
 12997 | D:7      | Reached XP level 10. HP: 74/74 MP: 17/17
 13190 | D:7      | Found a basalt altar of Yredelemnul.
 13685 | Temple   | Entered the Ecumenical Temple
 13694 | Temple   | Became a worshipper of Cheibriados the Contemplative
 13757 | D:8      | Found a transporter.
 13762 | D:8      | Noticed highc0's ghost (novice DEEn)
 13772 | D:8      | Found Tuabbov's Antique Armour Shop.
 13866 | D:8      | Found a transporter.
 14116 | D:8      | Found a burning altar of Makhleb.
 14116 | D:8      | Found a radiant altar of Vehumet.
 14124 | D:8      | Reached skill level 5 in Shields
 14258 | D:8      | Noticed Psyche
 14269 | D:8      | Killed Psyche
 14320 | D:8      | Found an iron altar of Okawaru.
 14320 | D:8      | Found a glowing golden altar of the Shining One.
 14352 | D:8      | Noticed Erica
 14374 | D:8      | Killed Erica
 14375 | D:8      | Reached skill level 1 in Invocations
 14519 | D:9      | Noticed a two-headed ogre
 14533 | D:9      | Killed a two-headed ogre
 14534 | D:9      | Reached skill level 5 in Spellcasting
 14598 | D:9      | Noticed a two-headed ogre
 14602 | D:9      | Killed a two-headed ogre
 14836 | D:9      | Reached * piety under Cheibriados
 14998 | D:9      | Noticed Pikel
 15007 | D:9      | Killed Pikel
 15664 | D:10     | Entered Level 10 of the Dungeon
 15675 | D:10     | Gained mutation: You have hooves in place of feet. [demonic
                  | ancestry]
 15675 | D:10     | Reached XP level 11. HP: 79/83 MP: 3/18
 15712 | D:10     | Reached ** piety under Cheibriados
 15720 | D:10     | Noticed Maurice
 15740 | D:10     | Killed Maurice
 16107 | D:10     | You fall into a shaft and drop 1 floor!
 16195 | D:11     | Paralysed by a hornet for 1 turns
 16211 | D:11     | Found a staircase to the Orcish Mines.
 16380 | D:11     | Learned a level 4 spell: Manifold Assault
 16486 | D:10     | Reached *** piety under Cheibriados
 16742 | D:10     | Found a staircase to the Lair.
 16811 | D:10     | Found Edum's General Store.
 16954 | D:11     | Noticed a seven-headed hydra
 16962 | D:11     | Killed a four-headed hydra
 17663 | D:12     | Noticed a five-headed hydra
 17670 | D:12     | Killed a one-headed hydra
 17871 | D:12     | Killed an unseen horror
 18029 | D:12     | Noticed a deep elf pyromancer
 18038 | D:12     | Killed a deep elf pyromancer
 18039 | D:12     | Reached skill level 5 in Invocations
 18039 | D:12     | Reached **** piety under Cheibriados
 18046 | D:12     | You fall into a shaft and drop 3 floors!
 18046 | D:15     | Entered Level 15 of the Dungeon
 18114 | D:15     | Noticed a deep elf pyromancer
 18133 | D:15     | Killed a deep elf pyromancer
 18338 | D:15     | Gained mutation: Spells you cast may paralyse adjacent
                  | enemies. [demonic ancestry]
 18338 | D:15     | Reached XP level 12. HP: 56/91 MP: 14/22
 18587 | D:15     | Noticed an ogre mage
 18587 | D:15     | Noticed a two-headed ogre
 18587 | D:15     | Noticed a two-headed ogre
 18587 | D:15     | Noticed a two-headed ogre
 18588 | D:15     | Noticed a two-headed ogre
 18591 | D:15     | Noticed a two-headed ogre
 18653 | D:14     | Found Hakkeeno's Magic Scroll Shoppe.
 18653 | D:14     | Noticed Agnes
 18655 | D:14     | Noticed a centaur warrior
 18766 | D:14     | Noticed a tengu warrior
 18772 | D:14     | Killed a tengu warrior
 18886 | D:14     | Killed a centaur warrior
 18942 | D:14     | Reached ***** piety under Cheibriados
 19213 | D:14     | Identified the +0 chain mail of the Dwarven Hall {Harm
                  | Str+5 Int-2 Dex+2}
 19213 | D:14     | Noticed a tengu warrior
 19221 | D:14     | Identified the +5 rapier of Greed {vorpal, rC+++}
 19231 | D:14     | Killed a tengu warrior
 19768 | D:14     | Bought a scroll of magic mapping for 45 gold pieces
 19791 | D:14     | Noticed a tengu warrior
 19806 | D:14     | Killed a tengu warrior
 20331 | D:14     | Noticed a fire dragon
 20393 | D:14     | Gained mutation: Spells you cast may paralyse nearby
                  | enemies. [demonic ancestry]
 20393 | D:14     | Reached XP level 13. HP: 98/98 MP: 19/25
 20399 | D:14     | Killed a fire dragon
 20495 | D:14     | Found a gate to the Vaults.
 20640 | D:15     | HP: 4/99 [eight-headed hydra (8)]
 20645 | D:15     | HP: 2/99 [Agnes/+3 lajatang of electrocution (5)]
 20646 | D:15     | Killed Agnes
 21157 | D:15     | Killed from afar by an ice dragon

Illustrated notes

Levels and vault maps discovered:
D:1:      dpeg_arrival_pond, layout_basic
D:2:      layout_rooms, lemuel_doored_altar, patterned_corridor
D:3:      layout_basic, lemuel_round_altar, minmay_bisected
D:4:      layout_loops_ring, nicolae_qazlal_general_emergency, fedhas_altar_2,
          kennysheep_mini, kennysheep_nondescript
D:5:      layout_gridville, general_overflow_altar, gup_sewer_entry_bubbles,
          nicolae_ru_path_of_blood
D:6:      wander_guarded_unrand_ratskin, layout_cave_pools, minitemple,
          lemuel_flame_loot_1
D:7:      layout_gridville, yredelemnul_forgotten_temple_becter,
          minmay_temple_entry_ruins, enter_bailey_3, uniq_joseph
D:8:      layout_basic, grunt_temple_overflow_lords_of_destruction,
          grunt_temple_overflow_open, gammafunk_ghost_stat_death, serial_shops,
          shop, uniq_erica, uniq_psyche
D:9:      layout_basic, minmay_fractal_squares_5, uniq_pikel
D:10:     layout_cave_pools, grunt_lair_entry_orc_guard_hut, serial_shops, shop,
          uniq_maurice
D:11:     layout_small_grid, orc_0_dummy
D:12:     layout_cave_pools, minmay_tree_intersection, st_stairs_12,
          grunt_ministairs_5, dk_noncrumbling_4, chequers_avenue
D:14:     layout_cross, david_vaults_4, nicolae_benzene_ring, serial_shops,
          shop, uniq_agnes
D:15:     grunt_enter_depths_hoard, layout_basic, amcnicky_mini_pool_small
Temple:   compressed_dpeg_triangle_lava_temple

Skill      XL: |  1  2  3  4  5  6  7  8  9 10 11 12 13 |
---------------+----------------------------------------+-----
Translocations | 3 4 5 6 7 8 9 |  9.0
Throwing       | 1 2 |  2.3
Armour         | 1 2 3 4 5 6 7 |  7.9
Long Blades    | 2 3 4 5 6 7 |  7.9
Dodging        | 2 3 4 5 6 7 |  7.7
Fighting       | 3 4 5 6 7 8 |  8.7
Spellcasting   | 3 4 5 7 8 |  8.6
Shields        | 1 2 3 4 6 7 8 9 |  9.2
Stealth        | 1 2 |  2.5
Invocations    | 3 5 7 8 |  8.0
Evocations     | |  0.3

Action                   |  1- 3 |  4- 6 |  7- 9 | 10-12 | 13-15 || total
-------------------------+-------+-------+-------+-------+-------++-------
Melee: Falchion          |   111 |   153 |   142 |       |       ||   406
       Kick              |       |    33 |    99 |   213 |    16 ||   361
       Long sword        |       |       |   178 |    47 |       ||   225
       Scimitar          |       |       |       |   446 |    58 ||   504
 Fire: Arbalest          |       |       |    59 |       |       ||    59
Throw: Javelin           |       |     8 |     9 |       |       ||    17
       Dart              |       |     1 |    11 |     6 |       ||    18
       Boomerang         |       |       |     1 |       |       ||     1
 Cast: Gell's Gravitas   |       |       |       |    66 |       ||    66
       Blink             |       |       |       |     1 |       ||     1
       Manifold Assault  |       |       |       |    55 |    20 ||    75
Invok: Slouch            |       |       |       |     1 |     2 ||     3
       Step From Time    |       |       |       |       |     1 ||     1
Evoke: Wand              |       |       |       |     8 |       ||     8
  Use: Potion            |       |     5 |     4 |     1 |     2 ||    12
       Scroll            |       |     6 |     9 |    12 |     4 ||    31
 Stab: Invisible         |       |       |       |     1 |       ||     1
       Distracted        |       |       |       |     1 |       ||     1
       Paralysed         |       |       |       |    10 |     3 ||    13
Armor: Leather armour    |    33 |    42 |    35 |       |       ||   110
       Skin              |       |    33 |    30 |       |       ||    63
       Scale mail        |       |       |   104 |   216 |       ||   320
       Troll leather arm |       |       |       |       |    13 ||    13
Dodge: Dodged            |    78 |    88 |   205 |   303 |    74 ||   748
Block: Buckler           |     4 |    23 |    99 |   206 |    36 ||   368
       Rpst.: Falchion   |    21 |    24 |    34 |       |       ||    79
       Long sword        |       |       |    22 |     2 |       ||    24
       Scimitar          |       |       |       |    58 |    12 ||    70

Table legend: (Time is in decaauts)
 A = Elapsed time spent in this place.
 B = Non-inter-level travel time spent in this place.
 C = Inter-level travel time spent in this place.
 D = Time resting spent in this place.
 E = Time spent auto-exploring this place.
 F = Levels seen in this place.
 G = Mean time per level.
                   A        B        C        D        E       F      G
               +--------+--------+--------+--------+--------+-----+--------+
         Total |  23388 |  22761 |    627 |   3187 |  15664 |  17 | 1375.8 |
       Dungeon |  18932 |  18305 |    627 |   1038 |  14076 |  14 | 1352.3 |
        Temple |     22 |     22 |      0 |      0 |      2 |   1 |   22.0 |
         Sewer |    645 |    645 |      0 |      0 |    551 |   1 |  645.0 |
        Bailey |   3789 |   3789 |      0 |   2148 |   1035 |   1 | 3789.0 |
               +--------+--------+--------+--------+--------+-----+--------+

Top non-repeatable levels by time:
  Bailey: 3789 daAuts
    D:14: 2483 daAuts
     D:1: 1889 daAuts
    D:11: 1598 daAuts
     D:6: 1492 daAuts
     D:9: 1433 daAuts
    D:15: 1425 daAuts
     D:3: 1304 daAuts
     D:7: 1294 daAuts
     D:2: 1240 daAuts
    D:10: 1180 daAuts
     D:5: 1155 daAuts
     D:4: 1114 daAuts
     D:8: 973 daAuts
   Sewer: 645 daAuts
